 Dungeon Crawl Stone Soup version 0.21-a0-498-g1b60429 (webtiles) character file.

518 Kel the Skirmisher (level 7, -1/62 HPs)
             Began as a Minotaur Fighter on Nov 24, 2017.
             Killed by divine providence
             ... invoked by a meliai
              (12 damage)
             ... on level 5 of the Dungeon.
             The game lasted 00:13:37 (4020 turns).

Kel the Skirmisher (Minotaur Fighter)               Turns: 4020, Time: 00:13:37

Health: -1/62      AC: 12    Str: 23    XL:     7   Next: 1%
Magic:  6/6        EV:  6    Int:  5    God:
Gold:   179        SH: 10    Dex:  9    Spells: 6/6 levels left

rFire    . . .     SeeInvis .   a - +0 war axe
rCold    . . .     Gourm    .   c - +0 shield
rNeg     . . .     Faith    .   l - +0 chain mail
rPois    +         Spirit   .   (helmet restricted)
rElec    .         Reflect  .   (no cloak)
rCorr    .         Harm     .   (no gloves)
MR       .....                  (no boots)
Stlth    ..........             (no amulet)
HPRegen  0.20/turn              h - ring of flight
MPRegen  0.10/turn              (no ring)

@: no status effects
A: retaliatory headbutt, horns 2, yellow scales 1, poison resistance
a: Evoke Flight


You were on level 5 of the Dungeon.
You were very hungry.

You visited 1 branch of the dungeon, and saw 5 of its levels.

You collected 179 gold pieces.

Inventory:

Hand Weapons
 a - a +0 war axe (weapon)
Armour
 c - a +0 shield (worn)
 l - a +0 chain mail (worn)
Jewellery
 h - a ring of flight (left hand)
Scrolls
 b - 2 scrolls of enchant weapon {unknown}
 i - 3 scrolls of teleportation {unknown}
 j - 6 scrolls of remove curse {unknown}
 k - a scroll of enchant armour
 m - 2 scrolls of magic mapping {unknown}
 n - 3 scrolls of identify
 o - 2 scrolls of blinking
 u - 3 scrolls of fear {unknown}
Potions
 d - a potion of might
 e - 2 potions of haste
 p - 2 potions of curing {unknown}
 r - a potion of brilliance {unknown}
 s - a potion of berserk rage {unknown}
 w - 2 potions of ambrosia {unknown}
Comestibles
 f - 4 bread rations
 g - 3 royal jellies
 q - 2 meat rations
 t - 22 fruits


   Skills:
 + Level 5.7 Fighting
 + Level 4.9 Axes
 + Level 5.7 Armour
 + Level 5.7 Shields


You had 6 spell levels left.
You didn't know any spells.

Dungeon Overview and Level Annotations

Branches:
Dungeon (5/15)
 Temple: D:4-7

Altars:
Kikubaaqudgha
Okawaru
Vehumet


Innate Abilities, Weirdness & Mutations

You reflexively headbutt those who attack you in melee.
You have a pair of horns on your head.
You are partially covered in yellow scales. (AC +2)
Your system is resistant to poisons. (rPois)


Message History

The meliai closely misses you. You block the meliai's attack.
The meliai hits you but does no damage.
The meliai stings you but does no damage.
You block the scorpion's attack.
You see here a scroll labeled XESAUSETI.
You block the meliai's attack. x2
The scorpion stings you but does no damage.
You see here a fuming dark potion.
You block the meliai's attack. The meliai stings you.
The black bear bites you but does no damage.
The black bear barely misses you. You block the black bear's attack.
You block the meliai's attack. x2
The meliai calls down the wrath of its god upon you.
Something smites you!
* * * LOW HITPOINT WARNING * * *
There is a transporter here.
You enter the transporter and appear at another place.
The meliai mumbles some strange prayers to its god against you.
Something smites you!
You die...

#.#..#.©.#..#.#######
#.#.#.....#.#......
#.#........§#.###
#.#.#.....#.#.#
#.#..#..s#.g#(#
#.#..$($?!..#.#
..##8$%_.$8##.#
#..#########?.#
##....y@......#
#####h..#.#....
##.##.##.### #.....
.# ### .## #


You could see a black bear, a meliai, a scorpion and a gnoll.

Vanquished Creatures
  A howler monkey (D:3)
  A crimson imp (D:4)
  A hound (D:4)
  An orc priest (D:4)
  Terence (D:2)
  4 orc wizards (D:4)
  Natasha (thrice) (D:2)
  A worker ant (D:4)
  3 adders
  An adder skeleton (D:4)
  2 worms (D:2)
  5 dart slugs
  3 leopard geckos
  13 orcs
  8 giant cockroaches
  7 goblins
  6 hobgoblins
  4 jackals (D:1)
  A quokka (D:2)
  A ball python (D:1)
  13 bats
  9 frilled lizards
  6 kobolds
  8 rats
103 creatures vanquished.

Notes
Turn   | Place    | Note
-------+----------+-------------------------------------------
     0 | D:1      | Kel the Minotaur Fighter began the quest for the Orb.
     0 | D:1      | Reached XP level 1. HP: 19/19 MP: 0/0
   217 | D:1      | Reached XP level 2. HP: 18/27 MP: 1/1
   550 | D:1      | Reached XP level 3. HP: 33/33 MP: 2/2
   917 | D:2      | Gained mutation: Your system is resistant to poisons. (rPois) [potion of mutation]
   917 | D:2      | Gained mutation: You are partially covered in yellow scales. (AC +2) [potion of mutation]
  1223 | D:2      | Noticed Terence
  1253 | D:2      | Killed Terence
  1253 | D:2      | Reached XP level 4. HP: 38/41 MP: 3/3
  1392 | D:2      | Found a radiant altar of Vehumet.
  1460 | D:2      | Noticed Natasha
  1473 | D:2      | Killed Natasha
  1705 | D:2      | Noticed Natasha
  1718 | D:2      | Killed Natasha
  1718 | D:2      | Reached XP level 5. HP: 43/47 MP: 4/4
  1731 | D:2      | Noticed Natasha
  1740 | D:2      | Killed Natasha
  2285 | D:3      | Reached skill level 5 in Fighting
  2332 | D:3      | Reached skill level 5 in Armour
  2734 | D:4      | Reached skill level 5 in Shields
  3004 | D:4      | Reached XP level 6. HP: 38/56 MP: 5/5
  3217 | D:4      | Found an iron altar of Okawaru.
  3815 | D:4      | Reached XP level 7. HP: 50/62 MP: 6/6
  3993 | D:5      | Entered Level 5 of the Dungeon
  3993 | D:5      | Found a transporter.
  3993 | D:5      | Found a transporter.
  3993 | D:5      | Noticed a meliai
  3994 | D:5      | Found an ancient bone altar of Kikubaaqudgha.
  4020 | D:5      | Killed from afar by a meliai

Vault maps used:
D:1:      scummos_arrival_gate
D:2:      vehumet_crystals, st_stairs_14, uniq_terence, uniq_natasha
D:3:      first_bread, serial_glass, glass_columns_a, glass_columns_b,
          due_unseen_surprise, dk_vineyard_1
D:4:      okawaru_trees_1
D:5:      gammafunk_temple_overflow_arena, minmay_temple_entry_glass, uniq_ijyb,
          uniq_crazy_yiuf_cottage, uniq_eustachio

Skill      XL: |  1  2  3  4  5 |
---------------+----------------+-----
Fighting       | 4 5 |  5.7
Shields        | 4 5 |  5.7
Armour         | 4 5 |  5.7
Axes           | 3 4 |  4.9

Action                   |  1- 3 |  4- 6 |  7- 9 || total
-------------------------+-------+-------+-------++-------
Melee: War axe           |   119 |   163 |       ||   282
       Headbutt          |    22 |    30 |       ||    52
  Use: Scroll            |     3 |       |       ||     3
       Potion            |     2 |       |       ||     2
  Eat: Chunk             |     1 |     8 |       ||     9
Armor: Scale mail        |    67 |       |       ||    67
       Chain mail        |       |    99 |     5 ||   104
Dodge: Dodged            |    22 |    36 |     2 ||    60
Block: Shield            |    58 |    90 |    11 ||   159

Table legend:
 A = Spawn XP
 B = Non-spawn XP
 C = Spawn XP percentage of total XP
 D = Spawn monster count
 E = Non-spawn monster count
 F = Spawn count percentage of total count
 G = Total turns spent on level
                    A         B        C        D         E        F      G
               +---------+---------+-------+---------+---------+-------+---------
         Total |       0 |     741 |   0.0 |       0 |     103 |   0.0 |  4020
               +---------+---------+-------+---------+---------+-------+---------
           D:1 |       0 |      67 |   0.0 |       0 |      35 |   0.0 |   894
           D:2 |       0 |     176 |   0.0 |       0 |      19 |   0.0 |  1177
           D:3 |       0 |     131 |   0.0 |       0 |      29 |   0.0 |   754
           D:4 |       0 |     367 |   0.0 |       0 |      20 |   0.0 |  1168
               +---------+---------+-------+---------+---------+-------+---------
